 Dungeon Crawl Stone Soup version 0.21-a0-461-g2470eb2 (webtiles) character file.

2858 Dysjunc the Blocker (level 9, -1/66 HPs)
             Began as a Gnoll Fighter on Nov 20, 2017.
             Was a Priest of Okawaru.
             Slain by a wight
             ... wielding a +2 vampiric halberd
              (15 damage)
             ... on level 7 of the Dungeon.
             The game lasted 00:24:05 (8410 turns).

Dysjunc the Blocker (Gnoll Fighter)                 Turns: 8410, Time: 00:24:05

Health: -1/66      AC:  7    Str: 15 (16) XL:     9   Next: 75%
Magic:  15/15      EV: 11    Int: 15      God:    Okawaru [***...]
Gold:   226        SH:  6    Dex: 14      Spells: 16/16 levels left

rFire    . . .     SeeInvis .   k - +2 short sword (elec)
rCold    . . .     Gourm    .   t - +0 buckler
rNeg     . . .     Faith    .   b - +0 scale mail
rPois    .         Spirit   .   (helmet restricted)
rElec    .         Reflect  .   (no cloak)
rCorr    .         Harm     .   (no gloves)
MR       .....                  (no boots)
Stlth    ++........             (no amulet)
HPRegen  0.21/turn              E - +2 ring of intelligence
MPRegen  0.14/turn              (no ring)

@: drained
A: distributed training, antennae 1, fangs 1, camouflage 1, blink, clumsy 1,
deterioration 1, frail 1, weak 1, strong nose
a: Blink, Heroism, Renounce Religion


You were on level 7 of the Dungeon.
You worshipped Okawaru.
Okawaru was most pleased with you.
You were very hungry.

You visited 2 branches of the dungeon, and saw 8 of its levels.
You also visited: Ossuary.

You collected 578 gold pieces.
You spent 352 gold pieces at shops.

Inventory:

Hand Weapons
 k - a +2 short sword of electrocution (weapon)
 l - a +0 blowgun
 s - a +2 dagger of freezing
Missiles
 m - 31 poisoned needles
 u - 8 javelins (quivered)
 w - 4 steel tomahawks
Armour
 b - a +0 scale mail (worn)
 c - a +0 shield
 e - the +0 scale mail "Comar" {rF++ Dex-5}
   (You bought it in a shop on level 7 of the Dungeon)

   It affects your dexterity (-5).
   It greatly protects you from fire.
 o - a +0 robe
 q - a +0 ring mail
 t - a +0 buckler (worn)
 B - a +0 chain mail
Jewellery
 E - a +2 ring of intelligence (left hand)
Scrolls
 a - 3 scrolls of remove curse
 r - a scroll of fear
 F - 2 scrolls of identify
 G - 3 scrolls of teleportation
Potions
 d - a potion of might
 g - 3 potions of flight
 h - 3 potions of heal wounds
 n - 3 potions of brilliance
 p - 3 potions of curing
 x - a potion of invisibility
 z - 3 potions of magic
 A - 2 potions of resistance
 C - 2 potions of ambrosia
Books
 v - a book of Misfortune

   Spells                             Type                      Level
   a - Confusing Touch                Hexes                        1
   b - Confuse                        Hexes                        3
   c - Gell's Gravitas                Translocation                3
   d - Petrify                        Transmutation/Earth          4
   e - Metabolic Englaciation         Hexes/Ice                    5
   f - Yara's Violent Unravelling     Hexes/Transmutation          5
 y - a book of Callings

   Spells                             Type                      Level
   a - Summon Small Mammal            Summoning                    1
   b - Call Imp                       Summoning                    2
   c - Call Canine Familiar           Summoning                    3
   d - Summon Guardian Golem          Hexes/Summoning              3
   e - Summon Lightning Spire         Summoning/Air                4
   f - Summon Ice Beast               Ice/Summoning                4
Comestibles
 f - 2 bread rations
 j - 4 meat rations
 D - 3 royal jellies


   Skills:
 + Level 8.0(7.0) Fighting
 + Level 4.4(3.5) Short Blades
 + Level 6.5(5.5) Long Blades
 + Level 4.4(3.5) Axes
 + Level 4.4(3.5) Maces & Flails
 + Level 4.4(3.5) Polearms
 + Level 4.4(3.5) Staves
 + Level 4.4(3.5) Slings
 + Level 4.4(3.5) Bows
 + Level 4.4(3.5) Crossbows
 + Level 4.4(3.5) Throwing
 + Level 8.0(7.0) Armour
 + Level 4.4(3.5) Dodging
 + Level 4.4(3.5) Stealth
 + Level 8.0(7.0) Shields
 + Level 4.4(3.5) Unarmed Combat
 + Level 4.4(3.5) Spellcasting
 + Level 3.7(2.7) Conjurations
 + Level 3.7(2.7) Hexes
 + Level 3.7(2.7) Charms
 + Level 3.7(2.7) Summonings
 + Level 3.7(2.7) Necromancy
 + Level 3.7(2.7) Translocations
 + Level 3.7(2.7) Transmutations
 + Level 3.7(2.7) Fire Magic
 + Level 3.7(2.7) Ice Magic
 + Level 3.7(2.7) Air Magic
 + Level 3.7(2.7) Earth Magic
 + Level 3.7(2.7) Poison Magic
 + Level 4.9(4.0) Invocations
 + Level 4.4(3.5) Evocations


You had 16 spell levels left.
You didn't know any spells.

Dungeon Overview and Level Annotations

Branches:
Dungeon (7/15)             Temple (1/1) D:4

Altars:
Cheibriados
Dithmenos
Elyvilon
Fedhas
Gozag
Hepliaklqana
Kikubaaqudgha
Makhleb
Okawaru
Qazlal
Ru
Sif Muna
Trog
Uskayaw
Vehumet
Xom
Yredelemnul
Zin
The Shining One

Shops:
D:6 ?   D:7 [


Innate Abilities, Weirdness & Mutations

Your experience applies equally to all skills.
You have very sharp teeth.
Your uncanny sense of smell can sniff out nearby items.
You have a pair of small antennae on your head.
Your skin changes colour to match your surroundings (Stealth+).
You can translocate small distances at will.
You are clumsy. (Dex -2)
Your body sometimes deteriorates upon taking damage.
You are frail. (-10% HP)
You are weak. (Str -2)


Message History

The wight is lightly damaged.
You block the wight's attack. The wight misses you.
The orc priest calls down the wrath of Beogh upon you.
Beogh smites you!
You hit the wight.
The wight is moderately damaged.
The wight closely misses you. You block the wight's attack.
You hit the wight.
The wight is severely damaged.
You feel like a meek peon again.
You hit the wight but do no damage. You bite the wight, but do no damage.
The wight is severely damaged.
The wight hits you with an enchanted war axe!
* * * LOW HITPOINT WARNING * * *
The wight barely misses you.
You hit the wight.
The wight is almost destroyed.
You block the wight's attack.
The wight hits you with a vampiric halberd!
You die...

##.####.#
#.#####...# ###
#.# #.##......#
#.# #.##.####.#
#.####.##.# ...
#>##......# ###.
#.##.######
#!##.# #)##.#
#######@##.#####
#....ozz.......#
#.####.##..###.#
# ##...##.# ###
#.##.....### #..
#.#.......### #
#..
#....._.....#
#.###
###.......#..
#....
##.....##...
#....


You could see 2 wights and an orc priest.

Vanquished Creatures
  A two-headed ogre (D:6)
  A hippogriff (D:7)
  A water moccasin (D:6)
  An orc warrior (D:6)
  A sky beast (D:7)
  2 ice beasts
  A necrophage (D:7)
  A centaur (D:7)
  An ogre (D:4)
  A crocodile (D:5)
  A bullfrog (D:6)
  3 scorpions
  2 wights (D:7)
  A hound (D:7)
  A jelly (D:5)
  4 orc priests (D:6)
  2 centaur skeletons (D:7)
  A gnoll shaman (D:7)
  2 orc wizards (D:3)
  3 iguanas
  A killer bee zombie (D:3)
  An ogre zombie (D:6)
  8 mummies (Ossuary)
  A howler monkey zombie (D:7)
  A worker ant zombie (D:7)
  Robin (D:2)
  16 gnolls
  10 adders
  4 gnoll zombies
  A shadow imp (D:7)
  An ooze (D:3)
  3 worms
  A dart slug (D:2)
  A leopard gecko (D:5)
  17 orcs
  5 bats
  7 giant cockroaches
  14 goblins
  7 hobgoblins
  4 jackals (D:4)
  A quokka (D:7)
  3 frilled lizards
  A hobgoblin zombie (Ossuary)
  8 kobolds
  2 kobold zombies (Ossuary)
  A leopard gecko skeleton (D:5)
  2 orc zombies (Ossuary)
  7 rats
160 creatures vanquished.

Notes
Turn   | Place    | Note
-------+----------+-------------------------------------------
     0 | D:1      | Dysjunc the Gnoll Fighter began the quest for the Orb.
     0 | D:1      | Reached XP level 1. HP: 23/23 MP: 1/1
   234 | D:1      | Reached XP level 2. HP: 28/29 MP: 2/2
   612 | D:2      | Reached XP level 3. HP: 35/35 MP: 3/3
   658 | D:2      | Noticed Robin
   671 | D:2      | Killed Robin
   671 | D:2      | Reached skill level 1 in Invocations
   684 | D:2      | Reached skill level 1 in Short Blades
   684 | D:2      | Reached skill level 1 in Axes
   684 | D:2      | Reached skill level 1 in Maces & Flails
   684 | D:2      | Reached skill level 1 in Polearms
   684 | D:2      | Reached skill level 1 in Staves
   684 | D:2      | Reached skill level 1 in Slings
   684 | D:2      | Reached skill level 1 in Bows
   684 | D:2      | Reached skill level 1 in Crossbows
   684 | D:2      | Reached skill level 1 in Throwing
   684 | D:2      | Reached skill level 1 in Dodging
   684 | D:2      | Reached skill level 1 in Stealth
   684 | D:2      | Reached skill level 1 in Unarmed Combat
   684 | D:2      | Reached skill level 1 in Spellcasting
   684 | D:2      | Reached skill level 1 in Evocations
   694 | D:2      | Reached XP level 4. HP: 35/41 MP: 5/5
  1367 | D:3      | Reached skill level 1 in Conjurations
  1367 | D:3      | Reached skill level 1 in Hexes
  1367 | D:3      | Reached skill level 1 in Charms
  1367 | D:3      | Reached skill level 1 in Summonings
  1367 | D:3      | Reached skill level 1 in Necromancy
  1367 | D:3      | Reached skill level 1 in Translocations
  1367 | D:3      | Reached skill level 1 in Transmutations
  1367 | D:3      | Reached skill level 1 in Fire Magic
  1367 | D:3      | Reached skill level 1 in Ice Magic
  1367 | D:3      | Reached skill level 1 in Air Magic
  1367 | D:3      | Reached skill level 1 in Earth Magic
  1367 | D:3      | Reached skill level 1 in Poison Magic
  1422 | D:3      | Reached XP level 5. HP: 46/47 MP: 6/6
  1982 | D:3      | Reached XP level 6. HP: 52/53 MP: 8/8
  2741 | D:4      | Found a staircase to the Ecumenical Temple.
  2749 | Temple   | Entered the Ecumenical Temple
  2885 | Temple   | Became a worshipper of Warmaster Okawaru
  3239 | D:4      | Reached skill level 5 in Long Blades
  3489 | D:4      | Found a glowing silver altar of Zin.
  4085 | D:5      | Entered Level 5 of the Dungeon
  4151 | D:5      | Noticed an ice beast
  4163 | D:5      | Killed an ice beast
  4163 | D:5      | Reached XP level 7. HP: 45/59 MP: 10/10
  4485 | D:5      | Reached * piety under Okawaru
  5228 | D:6      | Reached XP level 8. HP: 67/67 MP: 12/12
  5233 | D:6      | Found a transporter.
  5530 | D:6      | Found a transporter.
  5724 | D:6      | Found Loosch's Magic Scroll Shop.
  6229 | D:6      | Noticed a two-headed ogre
  6246 | D:6      | Killed a two-headed ogre
  6246 | D:6      | Reached ** piety under Okawaru
  6246 | D:6      | Reached XP level 9. HP: 19/73 MP: 11/14
  7310 | D:6      | Bought a scroll of enchant weapon for 82 gold pieces
  7360 | D:7      | Found a blossoming altar of Fedhas.
  7744 | D:7      | Found a sand-covered staircase.
  7750 | Ossuary  | Entered an ossuary
  7938 | Ossuary  | Gained mutation: You are clumsy. (Dex -2) [potion of mutation]
  7938 | Ossuary  | Gained mutation: You are somewhat resistant to further mutation. [potion of mutation]
  7939 | Ossuary  | Lost mutation: You are clumsy. (Dex -2) [potion of mutation]
  7939 | Ossuary  | Lost mutation: You are somewhat resistant to further mutation. [potion of mutation]
  7939 | Ossuary  | Gained mutation: You are frail. (-10% HP) [potion of mutation]
  7939 | Ossuary  | Gained mutation: You have a pair of small antennae on your head. [potion of mutation]
  7939 | Ossuary  | Gained mutation: You can translocate small distances at will. [potion of mutation]
  8196 | D:7      | Found Yngaezai's Antique Armour Shop.
  8218 | D:7      | Reached *** piety under Okawaru
  8222 | D:7      | Gained mutation: Your skin changes colour to match your surroundings (Stealth+). [mutagenic meat]
  8224 | D:7      | Gained mutation: Your body sometimes deteriorates upon taking damage. [mutagenic meat]
  8226 | D:7      | Gained mutation: You are weak. (Str -2) [mutagenic meat]
  8227 | D:7      | Gained mutation: You are clumsy. (Dex -2) [mutagenic meat]
  8239 | D:7      | Bought a crude scale mail for 270 gold pieces
  8249 | D:7      | Identified the cursed +0 scale mail "Comar" {rF++ Dex-5} (You bought it in a shop on level 7 of the Dungeon)
  8410 | D:7      | Slain by a wight

Vault maps used:
D:1:      mrwooster_arrival_statue_2
D:2:      uniq_robin
D:3:      first_bread
D:4:      overflow_temple_1_default, minmay_temple_entry_trees
D:5:      minivault_25, minmay_misc_feat_alley, minivault_4
D:6:      gammafunk_cloud_chamber, serial_shops, shop_statue,
          gup_sewer_entry_spiral
D:7:      corexii_shack_village, lemuel_round_altar, serial_shops, shop,
          enter_ossuary_2, uniq_crazy_yiuf_cottage
Temple:   minmay_crystal_spiral_temple
Ossuary:  ossuary_tomb_3

Skill      XL: |  1  2  3  4  5  6  7  8  9 |
---------------+----------------------------+-----
Invocations    | 1 2 3 4 |  4.9
Short Blades   | 1 2 3 4 |  4.4
Axes           | 1 2 3 4 |  4.4
Maces & Flails | 1 2 3 4 |  4.4
Polearms       | 1 2 3 4 |  4.4
Staves         | 1 2 3 4 |  4.4
Slings         | 1 2 3 4 |  4.4
Bows           | 1 2 3 4 |  4.4
Crossbows      | 1 2 3 4 |  4.4
Throwing       | 1 2 3 4 |  4.4
Dodging        | 1 2 3 4 |  4.4
Stealth        | 1 2 3 4 |  4.4
Unarmed Combat | 1 2 3 4 |  4.4
Spellcasting   | 1 2 3 4 |  4.4
Evocations     | 1 2 3 4 |  4.4
Conjurations   | 1 2 3 |  3.7
Hexes          | 1 2 3 |  3.7
Charms         | 1 2 3 |  3.7
Summonings     | 1 2 3 |  3.7
Necromancy     | 1 2 3 |  3.7
Translocations | 1 2 3 |  3.7
Transmutations | 1 2 3 |  3.7
Fire Magic     | 1 2 3 |  3.7
Ice Magic      | 1 2 3 |  3.7
Air Magic      | 1 2 3 |  3.7
Earth Magic    | 1 2 3 |  3.7
Poison Magic   | 1 2 3 |  3.7
Long Blades    | 5 6 |  6.5
Fighting       | 7 8 |  8.0
Armour         | 7 8 |  8.0
Shields        | 7 8 |  8.0

Action                   |  1- 3 |  4- 6 |  7- 9 || total
-------------------------+-------+-------+-------++-------
Melee: Long sword        |    20 |       |       ||    20
       Bite              |    11 |    15 |    42 ||    68
       Short sword       |    55 |   164 |   346 ||   565
Throw: Javelin           |       |       |     2 ||     2
Invok: Heroism           |       |       |     6 ||     6
  Use: Scroll            |       |    12 |     5 ||    17
       Potion            |       |     1 |    11 ||    12
  Eat: Chunk             |       |     9 |    15 ||    24
       Meat ration       |       |       |     1 ||     1
Armor: Scale mail        |    28 |    55 |    44 ||   127
       Robe              |       |     3 |       ||     3
       Chain mail        |       |       |    32 ||    32
Dodge: Dodged            |    35 |    72 |   123 ||   230
Block: Shield            |    55 |    95 |    22 ||   172
       Buckler           |       |       |    76 ||    76
       Rpst.: Long sword |     4 |       |       ||     4

Table legend:
 A = Spawn XP
 B = Non-spawn XP
 C = Spawn XP percentage of total XP
 D = Spawn monster count
 E = Non-spawn monster count
 F = Spawn count percentage of total count
 G = Total turns spent on level
                    A         B        C        D         E        F      G
               +---------+---------+-------+---------+---------+-------+---------
         Total |       0 |    4083 |   0.0 |       0 |     160 |   0.0 |  8410
               +---------+---------+-------+---------+---------+-------+---------
           D:1 |       0 |      11 |   0.0 |       0 |       7 |   0.0 |   536
           D:2 |       0 |     114 |   0.0 |       0 |      28 |   0.0 |   828
           D:3 |       0 |     278 |   0.0 |       0 |      34 |   0.0 |  1377
           D:4 |       0 |     146 |   0.0 |       0 |       7 |   0.0 |  1165
           D:5 |       0 |     501 |   0.0 |       0 |      13 |   0.0 |  1082
           D:6 |       0 |    1685 |   0.0 |       0 |      25 |   0.0 |  2156
           D:7 |       0 |    1188 |   0.0 |       0 |      30 |   0.0 |   657
       Ossuary |       0 |     160 |   0.0 |       0 |      16 |   0.0 |   430
               +---------+---------+-------+---------+---------+-------+---------
